 Dungeon Crawl Stone Soup version 0.27-a0-1308-gc08437e (webtiles) character file.

Game seed: 8244432616092226330

158 HDogLeCool the Fighter (level 5, 0/76 HPs)
             Began as a Gnoll Wanderer on June 18, 2021.
             Was a Follower of the Shining One.
             Succumbed to a water moccasin's poison
             ... on level 4 of the Dungeon.
             The game lasted 00:07:57 (2868 turns).

HDogLeCool the Fighter (Gnoll Wanderer)             Turns: 2868, Time: 00:07:58

Health: 0/76       AC: 22    Str: 12    XL:     5   Next: 39%
Magic:  7/7        EV:  2    Int: 10    God:    the Shining One [*.....]
Gold:   99         SH:  0    Dex: 13    Spells: 5/6 levels left

rFire    . . .     SeeInvis .   c - +0 flail
rCold    . . .     Faith    .   (no shield)
rNeg     + + +     Spirit   .   (armour currently unavailable)
rPois    +         Reflect  .   (helmet currently unavailable)
rElec    .         Harm     .   (cloak currently unavailable)
rCorr    .         Rampage  .   (gloves currently unavailable)
Will     .....     NoTele   +   (boots currently unavailable)
Stlth    +.........             a - amulet of magic regeneration
HPRegen  0.22/turn              (no ring)
MPRegen  0.35/turn              (no ring)

@: brilliant, lethally poisoned (0 -> -14), tree-form, attractive, glowing
A: stationary, stasis, torment immunity, boosted hp, (fangs 1), strong nose,
distributed training, (hooves 1), (large bone plates 1), (camouflage 1)
a: Renounce Religion


You were on level 4 of the Dungeon.
You worshipped the Shining One.
The Shining One was aware of your devotion.
You were a tree.
You visited 1 branch of the dungeon, and saw 4 of its levels.

You collected 99 gold pieces.

Inventory:

Hand Weapons
 c - a +0 flail (weapon)
Armour
 b - a +2 scale mail (melded)
Jewellery
 a - an amulet of magic regeneration (around neck)
Scrolls
 d - a scroll of teleportation {unknown}
 e - a scroll of summoning {unknown}
 f - a scroll of silence {unknown}
 g - a scroll of identify {unknown}
 h - a scroll of enchant armour {unknown}
 n - a scroll of enchant weapon {unknown}
 o - 2 scrolls of brand weapon {unknown}
Potions
 j - a potion of attraction
 l - a potion of might {unknown}
 m - a potion of brilliance


   Skills:
 + Level 8.6 Fighting
 + Level 1.4 Short Blades
 + Level 1.4 Long Blades
 + Level 1.4 Axes
 + Level 3.0 Maces & Flails
 + Level 1.4 Polearms
 + Level 1.4 Staves
 + Level 1.4 Slings
 + Level 1.4 Bows
 + Level 3.0 Crossbows
 + Level 1.4 Throwing
 + Level 4.8 Armour
 + Level 1.4 Dodging
 + Level 1.4 Stealth
 + Level 3.0 Shields
 + Level 1.4 Unarmed Combat
 + Level 1.4 Spellcasting
 + Level 1.1 Conjurations
 + Level 1.1 Hexes
 + Level 1.1 Summonings
 + Level 1.1 Necromancy
 + Level 1.1 Translocations
 + Level 1.1 Transmutations
 + Level 1.1 Fire Magic
 + Level 1.1 Ice Magic
 + Level 1.1 Air Magic
 + Level 1.1 Earth Magic
 + Level 1.1 Poison Magic
 + Level 1.6 Invocations
 + Level 3.0 Evocations


You had 5 spell levels left.
You knew the following spells:

 Your Spells              Type           Power      Damage    Failure   Level
a - Pain                  Necr           16%        1d4       21%         1

Your spell library contained the following spells:

 Spells                   Type           Power      Damage    Failure   Level
 Magic Dart               Conj           16%        1d3       21%         1
 Blink                    Tloc           N/A        N/A       30%         2
 Call Imp                 Summ           4%         N/A       30%         2
 Slow                     Hex            4%         N/A       30%         2
 Conjure Flame            Conj/Fire      4%         6-21      52%         3
 Mephitic Cloud           Conj/Pois/Air  4%         N/A       52%         3
 Vampiric Draining        Necr           2%         2d6       52%         3


Dungeon Overview and Level Annotations

Branches:
Dungeon (4/15)
 Temple: D:4-7

Altars:
Xom
The Shining One


Innate Abilities, Weirdness & Mutations

You are a tree.
Your roots penetrate the ground, keeping you stationary.
You cannot be teleported.
You are immune to unholy pain and torment.
Your maximum health is greatly increased.
Your equipment is partially melded.
((You have very sharp teeth.))
Your uncanny sense of smell can sniff out nearby items.
Your experience applies equally to all skills.
((You have large cloven feet.))
((You are partially covered in large bone plates. (SH +4)))
((Your skin changes colour to match your surroundings (Stealth+).))


Message History

You feel very sick. The water moccasin barely misses you.
The water moccasin bites you.
You are more poisoned.
The water moccasin poisons you!
You hit the water moccasin.
The water moccasin is severely wounded.
You feel very sick. The water moccasin bites you.
The water moccasin closely misses you.
You are too injured to fight recklessly!
You are too injured to fight recklessly!
You hit the water moccasin but do no damage.
Your bite misses the water moccasin.
The water moccasin is severely wounded.
You feel very sick.
The water moccasin bites you but does no damage.
It was a potion of brilliance.
You feel clever all of a sudden.
You feel very sick. The water moccasin barely misses you.
The water moccasin closely misses you.
It was a potion of attraction.
You feel attractive to monsters.
You feel sick. The water moccasin bites you.
* * * LOW HITPOINT WARNING * * *
You are lethally poisoned!
The water moccasin poisons you!
It was a potion of lignification.
You turn into a tree.
Your +2 scale mail melds into your body.
Your roots penetrate the ground.
* * * LOW HITPOINT WARNING * * *
You feel very sick. The water moccasin bites you.
* * * LOW HITPOINT WARNING * * *
The water moccasin bites you.
* * * LOW HITPOINT WARNING * * *
Unknown command.
It was a potion of mutation.
You feel extremely strange.
Your skin functions as natural camouflage.
Your feet thicken and deform.
Large bone plates grow over parts of your arms.
You die...

..............#.#
#....#####.##.#.#
#.#### #.##.#.#
..# #......####
#.# ###.......#
..# #..####.#
######### #....
#.# #.......#
#.##S##.#
#.......#
#....♣..#
#.......#
####.####
#.......# #.
........# #.
#.......# ..
#...#...# ##
...###.##
#..<#...#
#.##.##)#


You could see a water moccasin.

Vanquished Creatures
  A bullfrog skeleton (D:4)
  A gnoll (D:1)
  5 adders
  A worm (D:3)
  2 dart slugs (D:1)
  9 endoplasms
  2 giant cockroaches
  8 goblins
  11 hobgoblins
  4 jackals (D:2)
  2 quokkas
  2 ball pythons
  4 bats
  4 frilled lizards
  4 kobolds
  6 rats
66 creatures vanquished.

Notes
Turn   | Place    | Note
-------+----------+-------------------------------------------
     0 | D:1      | HDogLeCool the Gnoll Wanderer began the quest for the Orb.
     0 | D:1      | HDogLeCool set off with the following items: a +0 dagger, a
                  | +2 scale mail; and the following spells available to
                  | memorise: Pain, Vampiric Draining
     0 | D:1      | Reached XP level 1. HP: 26/26 MP: 1/1
   304 | D:1      | Reached XP level 2. HP: 33/33 MP: 2/2
   598 | D:1      | Reached XP level 3. HP: 13/38 MP: 3/3
  1008 | D:1      | Learned a level 1 spell: Pain
  1115 | D:1      | Reached skill level 1 in Invocations
  1284 | D:2      | Reached skill level 1 in Short Blades
  1284 | D:2      | Reached skill level 1 in Long Blades
  1284 | D:2      | Reached skill level 1 in Axes
  1284 | D:2      | Reached skill level 1 in Polearms
  1284 | D:2      | Reached skill level 1 in Staves
  1284 | D:2      | Reached skill level 1 in Slings
  1284 | D:2      | Reached skill level 1 in Bows
  1284 | D:2      | Reached skill level 1 in Throwing
  1284 | D:2      | Reached skill level 1 in Dodging
  1284 | D:2      | Reached skill level 1 in Stealth
  1284 | D:2      | Reached skill level 1 in Unarmed Combat
  1284 | D:2      | Reached skill level 1 in Spellcasting
  1359 | D:2      | Reached XP level 4. HP: 40/45 MP: 5/5
  2004 | D:2      | Reached skill level 1 in Conjurations
  2004 | D:2      | Reached skill level 1 in Hexes
  2004 | D:2      | Reached skill level 1 in Summonings
  2004 | D:2      | Reached skill level 1 in Necromancy
  2004 | D:2      | Reached skill level 1 in Translocations
  2004 | D:2      | Reached skill level 1 in Transmutations
  2004 | D:2      | Reached skill level 1 in Fire Magic
  2004 | D:2      | Reached skill level 1 in Ice Magic
  2004 | D:2      | Reached skill level 1 in Air Magic
  2004 | D:2      | Reached skill level 1 in Earth Magic
  2004 | D:2      | Reached skill level 1 in Poison Magic
  2295 | D:3      | Found a shimmering altar of Xom.
  2424 | D:3      | Found a faded altar of an unknown god.
  2465 | D:3      | Became a worshipper of the Shining One
  2465 | D:3      | Reached * piety under the Shining One
  2517 | D:4      | Reached XP level 5. HP: 42/51 MP: 6/6
  2609 | D:4      | Noticed a necrophage
  2853 | D:4      | Noticed a water moccasin
  2867 | D:4      | HP: 2/76 [water moccasin (3)]
  2868 | D:4      | Gained mutation: Your skin changes colour to match your
                  | surroundings (Stealth+). [potion of mutation]
  2868 | D:4      | Gained mutation: You have large cloven feet. [potion of
                  | mutation]
  2868 | D:4      | Gained mutation: You are partially covered in large bone
                  | plates. (SH +4) [potion of mutation]
  2868 | D:4      | Succumbed to a water moccasin's poison

Illustrated notes

Levels and vault maps discovered:
D:1:      lightli_arrival_chessboard, layout_basic
D:2:      layout_rooms, solitary_fountain
D:3:      layout_basic, lemuel_doored_altar, hellmonk_ecumenical_altar_blasted
D:4:      layout_loops_cross

Skill      XL: |  1  2  3  4  5 |
---------------+----------------+-----
Invocations    | 1 |  1.6
Short Blades   | 1 |  1.4
Long Blades    | 1 |  1.4
Axes           | 1 |  1.4
Polearms       | 1 |  1.4
Staves         | 1 |  1.4
Slings         | 1 |  1.4
Bows           | 1 |  1.4
Throwing       | 1 |  1.4
Dodging        | 1 |  1.4
Stealth        | 1 |  1.4
Unarmed Combat | 1 |  1.4
Spellcasting   | 1 |  1.4
Conjurations   | 1 |  1.1
Hexes          | 1 |  1.1
Summonings     | 1 |  1.1
Necromancy     | 1 |  1.1
Translocations | 1 |  1.1
Transmutations | 1 |  1.1
Fire Magic     | 1 |  1.1
Ice Magic      | 1 |  1.1
Air Magic      | 1 |  1.1
Earth Magic    | 1 |  1.1
Poison Magic   | 1 |  1.1
Maces & Flails | 3 |  3.0
Crossbows      | 3 |  3.0
Shields        | 3 |  3.0
Evocations     | 3 |  3.0
Fighting       | |  8.6
Armour         | |  4.8

Action                   |  1- 3 |  4- 6 || total
-------------------------+-------+-------++-------
Melee: Dagger            |    80 |       ||    80
       Bite              |    11 |     8 ||    19
       Flail             |    48 |   123 ||   171
  Use: Potion            |     1 |     4 ||     5
Armor: Scale mail        |    58 |    70 ||   128
Dodge: Dodged            |    41 |    63 ||   104

Table legend: (Time is in decaauts)
 A = Elapsed time spent in this place.
 B = Non-inter-level travel time spent in this place.
 C = Inter-level travel time spent in this place.
 D = Time resting spent in this place.
 E = Time spent auto-exploring this place.
 F = Levels seen in this place.
 G = Mean time per level.
                   A        B        C        D        E       F      G
               +--------+--------+--------+--------+--------+-----+--------+
         Total |   2912 |   2776 |    136 |    455 |   1755 |   4 |  728.0 |
       Dungeon |   2912 |   2776 |    136 |    455 |   1755 |   4 |  728.0 |
               +--------+--------+--------+--------+--------+-----+--------+

Top non-repeatable levels by time:
     D:1: 1219 daAuts
     D:2: 785 daAuts
     D:3: 565 daAuts
     D:4: 342 daAuts
